AoeStats
← sophia

Fortress

510010262Analyzed
2v2 RM · 4d ago on Sep 29, 2026· 93m 25s· 4 players
Game mode
Random Map
Map size
Normal (6 player)
Population
200
Speed
Normal
Resources
Standard
Victory
Conquest
Starting age
Dark Age
Ending age
Imperial Age
RankedLock teamsTeams togetherTeam positionsShared explorationLock speedFull tech treeHidden civsTurbo modeCheats
Victory
Defeat
🇺🇸 Cumans · United States
481
+17
🇺🇸 Byzantines · United States
476
+17
🇩🇪 Cumans · Germany
591
-21
🇬🇷 Persians · Greece
405
-13
sophia
0:53 Loom
Dream
0:32 Loom
9:16 Feudal Age
12:09 Wheelbarrow
11:19 Town Watch
12:50 Man-at-Arms
13:12 Horse Collar
13:21 Double-Bit Axe
13:30 Gold Mining
13:31 Stone Mining
17:45 Arson
18:55 Bloodlines
20:41 Town Watch
21:33 Scale Barding Armor
21:34 Scale Mail Armor
21:37 Padded Archer Armor
21:50 Forging
21:31 Fletching
24:35 Castle Age
25:21 Hand Cart
25:06 Town Patrol
25:15 Heavy Plow
25:30 Bow Saw
26:19 Parthian Tactics
25:18 Light Cavalry
25:59 Husbandry
26:23 Chain Barding Armor
26:20 Leather Archer Armor
28:02 Thumb Ring
27:30 Crossbowman
27:41 Long Swordsman
28:09 Gambesons
28:24 Squires
29:27 Gold Shaft Mining
33:09 Stone Shaft Mining
38:14 Kamandaran
40:47 Imperial Age
39:35 Chain Mail Armor
39:55 Iron Casting
40:48 Hussar
42:14 Crop Rotation
42:49 Hoardings
42:36 Conscription
44:37 Two-Man Saw
44:26 Plate Barding Armor
44:51 Sappers
46:10 Elite War Elephant
46:57 Town Patrol
52:16 Chemistry
51:48 Plate Mail Armor
52:19 Blast Furnace
51:14 Bodkin Arrow
51:49 Ring Archer Armor
52:52 Fervor
53:01 Block Printing
53:28 Theocracy
53:45 Ballistics
54:33 Elite Skirmisher
55:06 Pikeman
62:17 Coinage
62:03 Guilds
64:53 Masonry
64:39 Guard Tower
64:16 Halberdier
BigMamasCatHaus
5:58 Feudal Age
7:35 Wheelbarrow
6:48 Loom
12:22 Double-Bit Axe
22:27 Man-at-Arms
26:45 Castle Age
26:54 Town Watch
29:58 Arson
42:37 Imperial Age
45:31 Hand Cart
52:55 Bow Saw
53:10 Gold Mining
53:54 Stone Mining
54:08 Horse Collar
58:13 Two-Man Saw
57:24 Elite Steppe Lancer
59:39 Steppe Husbandry
69:52 Onager
72:58 Elite Kipchak
73:41 Cuman Mercenaries
73:14 Capped Ram
77:17 Scale Barding Armor
80:27 Hoardings
79:32 Siege Ram
82:18 Bloodlines
MotleyStew666
2:27 Loom
8:31 Feudal Age
9:07 Double-Bit Axe
9:06 Horse Collar
11:55 Gold Mining
16:52 Castle Age
20:14 Bow Saw
21:12 Forging
22:42 Stone Mining
23:38 Scale Barding Armor
24:10 Husbandry
26:46 Stone Shaft Mining
26:32 Heavy Plow
30:56 Fervor
33:03 Ballistics
35:30 Wheelbarrow
37:34 Imperial Age
37:22 Pikeman
37:26 Light Cavalry
38:36 Squires
39:11 Caravan
39:10 Heavy Camel Rider
40:14 Conscription
39:19 Elite Cataphract
42:28 Hand Cart
41:38 Halberdier
42:07 Gambesons
42:19 Fletching
45:09 Logistica
45:48 Crop Rotation
46:21 Two-Man Saw
47:50 Hussar
52:48 Chemistry
51:52 Bodkin Arrow
53:01 Chain Barding Armor
53:20 Iron Casting
52:48 Murder Holes
54:23 Capped Ram
55:50 Guard Tower
56:34 Siege Ram
57:57 Hoardings
59:16 Scale Mail Armor
59:56 Plate Barding Armor
62:12 Keep
61:42 Padded Archer Armor
62:02 Chain Mail Armor
68:51 Fortified Wall
69:26 Theocracy
74:11 Block Printing
77:49 Plate Mail Armor
77:38 Leather Archer Armor
78:59 Devotion
79:28 Illumination
Connection lost

Rejoining the realm…

Still unreachable

The connection could not be restored.

Session expired

The server has moved on; the page needs a fresh start.